 Dungeon Crawl Stone Soup version 0.29.0-11-gd7f09526c8 (webtiles) character file.

Game seed: 667567962655126376

77 pacmanke6689 the Firebug (level 4, 0/33 HPs)
             Began as a Hill Orc Fire Elementalist on Sept 2, 2022.
             Killed from afar by Terence (7 damage)
             ... with a puff of flame
             ... on level 2 of the Dungeon.
             The game lasted 00:07:11 (1724 turns).

pacmanke6689 the Firebug (HOFE)                     Turns: 1724, Time: 00:07:12

Health: 0/33       AC:  3    Str: 10    XL:     4   Next: 34%
Magic:  5/6        EV: 11    Int: 17    God:
Gold:   87         SH:  0    Dex: 11    Spells: 3/6 levels left

rFire   . . .      SeeInvis .   m - +2 spear (vorpal)
rCold   . . .      Faith    .   (no shield)
rNeg    . . .      Spirit   .   e - +0 leather armour
rPois   .          Reflect  .   (no helmet)
rElec   .          Harm     .   (no cloak)
rCorr   .          Rampage  .   (no gloves)
Will    .....                   (no boots)
Stlth   +.........              (no amulet)
HPRegen 0.11/turn               (no ring)
MPRegen 0.10/turn               (no ring)

@: very slightly contaminated
A: no striking features
a: no special abilities


You were on level 2 of the Dungeon.
You visited 1 branch of the dungeon, and saw 2 of its levels.

You collected 87 gold pieces.

Inventory:

Hand Weapons
 m - a +2 vorpal spear (weapon)
Missiles
 g - 4 silver boomerangs (quivered)
Armour
 a - a +0 robe
 e - a +0 leather armour (worn)
 i - a +0 tower shield
 l - a +0 helmet
Scrolls
 f - 2 scrolls of teleportation
 j - a scroll of fear {unknown}
 k - a scroll of enchant armour {unknown}
 p - a scroll of torment {unknown}
Potions
 d - a potion of curing
 h - 2 potions of invisibility {unknown}
 n - a potion of flight {unknown}
 o - a potion of lignification {unknown}
 q - a potion of haste {unknown}


   Skills:
 + Level 0.2 Fighting
 + Level 0.1 Polearms
 + Level 1.2 Throwing
 + Level 1.8 Dodging
 + Level 1.8 Stealth
 + Level 0.9 Unarmed Combat
 + Level 1.9 Spellcasting
 + Level 1.3 Conjurations
 + Level 4.1 Fire Magic


You had 3 spell levels left.
You knew the following spells:

 Your Spells              Type           Power      Damage    Failure   Level
a - Foxfire               Conj/Fire      44%        2x1d6     9%          1
b - Scorch                Fire           30%        2d6       8%          2

Your spell library contained the following spells:

 Spells                   Type           Power      Damage    Failure   Level
 Conjure Flame            Conj/Fire      11%        6-21      26%         3
 Inner Flame              Hex/Fire       8%         N/A       34%         3
 Flame Wave               Conj/Fire      11%        2d6       63%         4


Dungeon Overview and Level Annotations

Branches:
Dungeon (2/15)

Altars:

Annotations:
D:2 Terence


Message History

The slug dart hits you.
Casting: Scorch (safe; 8% risk of failure)
Confirm with . or Enter, or press ? or * to list all spells.
You don't have enough magic to cast this spell.
The dart slug launches a dart at you. The slug dart hits you.
Casting: Scorch (safe; 8% risk of failure)
Confirm with . or Enter, or press ? or * to list all spells.
You don't have enough magic to cast this spell.
Casting: Scorch (safe; 8% risk of failure)
Confirm with . or Enter, or press ? or * to list all spells.
You don't have enough magic to cast this spell.
Casting: Scorch (safe; 8% risk of failure)
Confirm with . or Enter, or press ? or * to list all spells.
You don't have enough magic to cast this spell.
The dart slug launches a dart at you. The slug dart hits you.
* * * LOW HITPOINT WARNING * * *
The dart slug launches a dart at you. The slug dart hits you.
* * * LOW HITPOINT WARNING * * *
The dart slug barely misses you.
You hit the dart slug.
The dart slug is heavily wounded.
You hit the dart slug.
You kill the dart slug!
You see here a dart slug corpse.
Okay, then.
As you read the scroll of identify, it crumbles to dust.
f - 2 scrolls of teleportation Terence the Incautious comes into view.
He is wielding a +0 trident and carrying a wand of flame (24).
Magic courses through your body.
Terence shouts!
Casting: Scorch (safe; 8% risk of failure)
Confirm with . or Enter, or press ? or * to list all spells.
You miscast Foxfire.
You are very lightly contaminated with residual magic.
Nothing appears to happen.
Terence zaps a wand.
The puff of flame hits you!
You die...

...... #...# ......
###...######.
!.....###.#<)........
....................#
......†.........###.
###)........#
#.#.#.#.#.#
#.........## ##.
##@#.#.#.#..##.....
#.†............#
#..#.#.#.#....##
#.....†...........
#@.#.#.#.#....####
.................
...#....#.......###
.#.............##
.......#.......


You could see Terence.

Vanquished Creatures
  Natasha (D:2)
  An adder (D:2)
  2 dart slugs
  3 endoplasms (D:1)
  A giant cockroach (D:2)
  5 goblins
  4 hobgoblins
  2 kobolds
  4 quokkas
  5 ball pythons (D:1)
  5 bats (D:1)
  5 rats (D:1)
38 creatures vanquished.

Vanquished Creatures (others)
  20 foxfires (D:1)
20 creatures vanquished.

Grand Total: 58 creatures vanquished

Notes
Turn   | Place    | Note
-------+----------+-------------------------------------------
     0 | D:1      | pacmanke6689 the Hill Orc Fire Elementalist began the quest
                  | for the Orb.
     0 | D:1      | Reached XP level 1. HP: 14/14 MP: 3/3
   170 | D:1      | Found a faded altar of an unknown god.
   182 | D:1      | Reached XP level 2. HP: 20/20 MP: 4/4
   253 | D:1      | Found Qafafoeg's Jewellery Shop.
   789 | D:1      | Learned a level 2 spell: Scorch
   829 | D:1      | Reached XP level 3. HP: 26/26 MP: 0/5
  1607 | D:2      | Noticed Natasha
  1618 | D:2      | Reached skill level 1 in Throwing
  1619 | D:2      | Killed Natasha
  1620 | D:2      | Reached skill level 4 in Fire Magic
  1620 | D:2      | Reached XP level 4. HP: 29/33 MP: 0/6
  1721 | D:2      | Noticed Terence
  1724 | D:2      | Killed from afar by Terence

Illustrated notes

Levels and vault maps discovered:
D:1:      tarquinn_simple_flora_water_e, layout_basic,
          ebering_ecumenical_altar_abandoned, serial_shops,
          nicolae_diamond_shop, minivault_24, minmay_misc_feat_pillars,
          minmay_shallow_snake_nest
D:2:      layout_rooms, serial_co_window_serial, co_window_paths_a,
          co_window_corner_a, co_window_paths_a, co_window_paths_a,
          co_window_paths_a, co_window_paths_a, co_window_broadway_b,
          co_window_paths_c, co_window_unsneaky_path_b,
          co_window_unsneaky_path_b, co_window_4corner_b, glass_columns_a,
          glass_columns_b, glass_columns_c, uniq_terence, uniq_natasha

Skill      XL: |  1  2  3 |
---------------+----------+-----
Throwing       | 1 |  1.2
Fire Magic     | 4 |  4.1
Fighting       | |  0.2
Polearms       | |  0.1
Dodging        | |  1.8
Stealth        | |  1.8
Unarmed Combat | |  0.9
Spellcasting   | |  1.9
Conjurations   | |  1.3

Action                   |  1- 3 |  4- 6 || total
-------------------------+-------+-------++-------
Melee: Unarmed           |    36 |       ||    36
       Spear             |    20 |     4 ||    24
Throw: Boomerang         |    18 |     3 ||    21
 Cast: Foxfire           |    17 |       ||    17
       Scorch            |     9 |     3 ||    12
  Use: Scroll            |     1 |     1 ||     2
       Potion            |       |     1 ||     1
Armor: Robe              |     2 |       ||     2
       Leather armour    |     9 |     2 ||    11
Dodge: Dodged            |    33 |     3 ||    36
